 Dungeon Crawl Stone Soup version 0.26-a0-540-g8a0c9464d7 (webtiles) character file.

Game seed: 3108972027580036599

2883 holomanga the Destroyer (level 9, -2/68 HPs)
             Began as a Yellow Draconian Conjurer on Aug 19, 2020.
             Was a Follower of Sif Muna.
             Slain by Maggie
             ... wielding a +0 glaive of venom
              (12 damage)
             ... on level 7 of the Dungeon.
             The game lasted 00:27:02 (8913 turns).

holomanga the Destroyer (Yellow Draconian Conjurer) Turns: 8913, Time: 00:27:03

Health: -2/68      AC:  8    Str: 10    XL:     9   Next: 48%
Magic:  11/19      EV: 12    Int: 22    God:    Sif Muna [*.....]
Gold:   269        SH:  0    Dex:  9    Spells: 7/21 levels left

rFire    . . .     SeeInvis .   d - +2 whip (elec)
rCold    . . .     Faith    .   (no shield)
rNeg     . . .     Spirit   .   (armour unavailable)
rPois    .         Reflect  .   (helmet restricted)
rElec    .         Harm     .   (no cloak)
rCorr    +                      (no gloves)
MR       .....                  x - +0 pair of boots
Stlth    ++........             a - amulet of magic regeneration
HPRegen  0.21/turn              k - ring of wizardry
MPRegen  0.41/turn              n - ring of wizardry

@: marked, mesmerised, hasted, very quick
A: spit acid, unfitting armour, cold-blooded, acid resistance, AC +7
a: Breathe Acid, Channel Magic, Renounce Religion


You were on level 7 of the Dungeon.
You worshipped Sif Muna.
Sif Muna was aware of your devotion.
You visited 2 branches of the dungeon, and saw 8 of its levels.

You collected 269 gold pieces.

Inventory:

Hand Weapons
 c - a +0 club
 d - a +2 whip of electrocution (weapon)
 l - a -2 dagger
Armour
 x - a +0 pair of boots (worn)
Jewellery
 a - an amulet of magic regeneration (around neck)
 k - a ring of wizardry (left hand)
 n - a ring of wizardry (right hand)
 A - an uncursed amulet of reflection {unknown}
 B - an uncursed ring of resist corrosion {unknown}
Scrolls
 f - a scroll of random uselessness {unknown}
 g - 3 scrolls of remove curse
 h - 4 scrolls of immolation
 m - 2 scrolls of fear {unknown}
 o - 3 scrolls of enchant weapon
 p - 3 scrolls of magic mapping
 s - 3 scrolls of amnesia {unknown}
 u - a scroll of enchant armour {unknown}
 w - 4 scrolls of blinking {unknown}
 y - a scroll of identify
 D - a scroll of noise {unknown}
Potions
 b - 2 potions of magic {unknown}
 e - a potion of curing
 i - a potion of stabbing {unknown}
 j - a potion of berserk rage {unknown}
 q - 3 potions of lignification
 r - 3 potions of cancellation {unknown}
 t - 2 potions of ambrosia {unknown}
 v - 2 potions of mutation {unknown}
 C - a potion of invisibility {unknown}


   Skills:
 + Level 2.6 Fighting
 - Level 1.7 Dodging
 - Level 1.7 Stealth
 + Level 6.6 Spellcasting
 + Level 8.1 Conjurations
 + Level 5.7 Hexes
 + Level 4.9 Translocations


You had 7 spell levels left.
You knew the following spells:

 Your Spells              Type           Power        Failure   Level
a - Magic Dart            Conj           ####         1%          1
b - Searing Ray           Conj           #####.       1%          2
c - Dazzling Flash        Conj/Hex       #####.       1%          3
d - Fulminant Prism       Conj/Hex       #####.....   1%          4
e - Iskenderun's Mystic   Conj/Tloc      #####...     1%          4

Your spell library contained the following spells:

 Spells                   Type           Power        Failure   Level
 Blink                    Tloc           N/A          1%          2
 Slow                     Hex            ####....     1%          2
 Conjure Flame            Conj/Fire      ####....     1%          3
 Mephitic Cloud           Conj/Pois/Air  ###.....     2%          3
 Call Imp                 Summ           #.......     3%          2


Dungeon Overview and Level Annotations

Branches:
Dungeon (7/15)             Temple (1/1) D:6

Altars:
Ashenzari
Cheibriados
Dithmenos
Elyvilon
Fedhas
Gozag
Hepliaklqana
Kikubaaqudgha
Nemelex Xobeh
Okawaru
Qazlal
Ru
Sif Muna
Trog
Vehumet
Wu Jian
Xom
Yredelemnul
Zin
The Shining One

Shops:
D:6 (

Annotations:
D:7 Dowan, Duvessa, Maggie


Innate Abilities, Weirdness & Mutations

You can spit globs of acid.
Your golden yellow scales are hard. (AC +7)
You cannot fit into any form of body armour.
You are cold-blooded and may be slowed by cold attacks.
You are resistant to acid. (rCorr)


Message History

The hound bites you but does no damage.
The searing ray hits the hound!
You kill the hound!
Sif Muna accepts your kill.
The searing ray hits Maggie.
Maggie is almost dead.
* * * LOW HITPOINT WARNING * * *
You feel very sick.
Maggie hits you from afar with a +0 glaive of venom.
* * * LOW HITPOINT WARNING * * *
You are more poisoned.
Dowan, Brother of Duvessa comes into view.
He is wielding a +2 dagger of venom and wearing a +2 robe of positive energy.
Maggie closely misses you.
Okay, then.
You feel better.
Maggie gestures wildly while chanting.
Maggie draws you further into her thrall.
You feel yourself speed up.
Maggie hits you from afar with a +0 glaive of venom!
You die...

... # .. .#
#.######.####
..##........
#.##......e#
#.#.@.@...#
##.....e...#
#..........#
##.#####.....
####.# ###.#
#....# . #
#....## ..
####.....####.#
#......_.......


You could see Maggie (mesmerising, fast), Duvessa and Dowan.

Vanquished Creatures
  Pikel (D:4)
  Grinder (D:5)
  Sigmund (D:6)
  A wyvern (D:7)
  A sky beast (D:5)
  2 black bears (D:6)
  2 ice beasts
  3 ogres
  A lemure (D:5)
  2 bullfrogs
  4 scorpions
  3 howler monkeys
  A centaur zombie (D:6)
  A bullfrog zombie (D:5)
  A hound (D:7)
  A jelly (D:6)
  A bullfrog skeleton (D:5)
  An orc priest (D:6)
  3 orc wizards (D:6)
  Terence (D:2)
  3 worker ants
  A killer bee zombie (D:6)
  A hound skeleton (D:5)
  2 worker ant zombies
  Robin (D:4)
  4 gnolls (D:7)
  A howler monkey zombie (D:5)
  13 adders
  A white imp (D:7)
  2 oozes
  4 adder zombies
  3 worms
  2 dart slugs (D:1)
  A leopard gecko (D:4)
  22 orcs
  8 bats
  2 giant cockroaches
  11 goblins
  8 hobgoblins
  13 jackals
  7 kobolds
  4 quokkas
  2 ball pythons (D:1)
  A ball python zombie (D:6)
  2 frilled lizards
  A jackal zombie (D:5)
  2 leopard gecko zombies (D:5)
  2 quokka skeletons
  14 rats
  A spectral orc (D:3)
171 creatures vanquished.

Vanquished Creatures (others)
  10 fulminant prisms
10 creatures vanquished.

Grand Total: 181 creatures vanquished

Notes
Turn   | Place    | Note
-------+----------+-------------------------------------------
     0 | D:1      | holomanga the Draconian Conjurer began the quest for the
                  | Orb.
     0 | D:1      | Reached XP level 1. HP: 14/14 MP: 3/3
   133 | D:1      | Found a shimmering altar of Xom.
   443 | D:1      | Reached XP level 2. HP: 19/20 MP: 0/5
   645 | D:1      | Learned a level 2 spell: Searing Ray
  1094 | D:1      | Reached XP level 3. HP: 26/26 MP: 4/7
  1273 | D:2      | Noticed a water elemental
  1274 | D:2      | Found a stormy altar of Qazlal.
  1952 | D:2      | Reached XP level 4. HP: 33/33 MP: 1/8
  1959 | D:2      | Learned a level 3 spell: Dazzling Flash
  2017 | D:2      | Noticed Terence
  2035 | D:2      | Killed Terence
  2035 | D:2      | Reached skill level 5 in Conjurations
  2489 | D:2      | Noticed an earth elemental
  2490 | D:2      | Noticed an air elemental
  2490 | D:2      | Noticed a fire elemental
  2816 | D:3      | Reached skill level 1 in Hexes
  2988 | D:3      | Reached XP level 5. HP: 38/38 MP: 6/10
  3396 | D:3      | Found a basalt altar of Yredelemnul.
  3544 | D:4      | Noticed an ogre
  3550 | D:4      | Killed an ogre
  3634 | D:4      | Reached XP level 6. HP: 19/45 MP: 4/11
  4085 | D:4      | Found a hazy altar of Hepliaklqana.
  4086 | D:4      | Found a shimmering altar of Xom.
  4087 | D:4      | Noticed a spectral ugly thing
  4101 | D:4      | Noticed Robin
  4148 | D:4      | Killed Robin
  4291 | D:4      | Found a white marble altar of Elyvilon.
  4293 | D:4      | Found a blossoming altar of Fedhas.
  4350 | D:4      | Learned a level 4 spell: Fulminant Prism
  4465 | D:4      | Reached skill level 6 in Conjurations
  4465 | D:4      | Your scales start taking on a golden yellow colour.
  4465 | D:4      | Reached XP level 7. HP: 50/50 MP: 7/13
  4465 | D:4      | Gained mutation: You are resistant to acid. (rCorr) [Yellow
                  | Draconian growth]
  4939 | D:4      | Learned a level 4 spell: Iskenderun's Mystic Blast
  4948 | D:5      | Entered Level 5 of the Dungeon
  5300 | D:5      | Reached skill level 5 in Spellcasting
  5300 | D:5      | Reached skill level 1 in Translocations
  5530 | D:5      | Noticed Pikel
  5583 | D:4      | Found a snail-covered altar of Cheibriados.
  5583 | D:4      | Found an ornate altar of the Wu Jian Council.
  5947 | D:4      | Killed Pikel
  5947 | D:4      | Reached skill level 7 in Conjurations
  5947 | D:4      | Reached XP level 8. HP: 22/57 MP: 5/16
  6375 | D:5      | Noticed Grinder
  6390 | D:5      | Killed Grinder
  6727 | D:6      | Reached skill level 5 in Hexes
  7109 | D:6      | Found Zeuth's Antique Weapon Boutique.
  7236 | D:6      | Found a staircase to the Ecumenical Temple.
  7272 | Temple   | Entered the Ecumenical Temple
  7388 | Temple   | Became a worshipper of Sif Muna the Loreminder
  7432 | D:6      | Reached XP level 9. HP: 63/63 MP: 11/18
  7903 | D:6      | Noticed Sigmund
  7909 | D:6      | Killed Sigmund
  7909 | D:6      | Reached skill level 1 in Fighting
  7987 | D:6      | Found a sparkling altar of Nemelex Xobeh.
  8333 | D:6      | Found an ancient bone altar of Kikubaaqudgha.
  8505 | D:6      | Reached * piety under Sif Muna
  8748 | D:7      | Reached skill level 8 in Conjurations
  8883 | D:7      | Found an iron altar of Okawaru.
  8899 | D:7      | Noticed Maggie
  8908 | D:7      | Noticed Duvessa
  8911 | D:7      | HP: 2/68 [Maggie/+0 glaive of venom (3)]
  8911 | D:7      | Noticed Dowan
  8913 | D:7      | Slain by Maggie

Illustrated notes

Levels and vault maps discovered:
D:1:      lightli_arrival_statuegarden, layout_rooms,
          minmay_misc_feat_nine_boxes, xom_teletrap_fun
D:2:      layout_loops_ring, nicolae_qazlal_style_of_elements, minmay_cut_off,
          uniq_terence
D:3:      layout_rooms, yredelemnul_forgotten_temple_becter
D:4:      layout_rooms, regret_index_temple_of_mockery,
          nicolae_overflow_hidden_temple, corexii_item_surrounded_by_moat,
          st_stairs_1, hangedman_decor_clover_reticule, uniq_robin
D:5:      layout_basic, serial_undead, serial_undead_e, serial_undead_c,
          serial_undead_b, serial_undead_e, uniq_grinder, uniq_pikel
D:6:      layout_basic, lemuel_doored_altar, minmay_temple_entry_junction_2,
          serial_shops, nicolae_shop_behind_doors, basic_altar, uniq_sigmund
D:7:      layout_rooms, nicolae_overflow_crystal_walls,
          okawaru_altar_gauntlet_db, uniq_duvessa, uniq_maggie, uniq_harold
Temple:   nicolae_temple_figure_zero

Skill      XL: |  1  2  3  4  5  6  7  8  9 |
---------------+----------------------------+-----
Spellcasting   | 3 4 5 6 |  6.6
Conjurations   | 5 6 7 8 |  8.1
Hexes          | 1 2 3 4 5 |  5.7
Translocations | 3 4 |  4.9
Fighting       | 2 |  2.6
Dodging        | |  1.7
Stealth        | |  1.7

Action                   |  1- 3 |  4- 6 |  7- 9 || total
-------------------------+-------+-------+-------++-------
Melee: Club              |     4 |       |       ||     4
       Unarmed           |     2 |       |       ||     2
       Whip              |     3 |    20 |    16 ||    39
 Cast: Magic Dart        |    77 |    74 |   201 ||   352
       Searing Ray       |     1 |    14 |    24 ||    39
       Dazzling Flash    |       |     2 |     6 ||     8
       Iskenderun's Myst |       |       |     9 ||     9
       Fulminant Prism   |       |       |    10 ||    10
  Use: Scroll            |     4 |     1 |     4 ||     9
       Potion            |       |       |     4 ||     4
Armor: Skin              |     6 |    14 |    35 ||    55
Dodge: Dodged            |    15 |    25 |   111 ||   151

Table legend: (Time is in decaauts)
 A = Elapsed time spent in this place.
 B = Non-inter-level travel time spent in this place.
 C = Inter-level travel time spent in this place.
 D = Time resting spent in this place.
 E = Time spent auto-exploring this place.
 F = Levels seen in this place.
 G = Mean time per level.
                   A        B        C        D        E       F      G
               +--------+--------+--------+--------+--------+-----+--------+
         Total |   8906 |   8878 |     28 |      0 |   7237 |   8 | 1113.2 |
       Dungeon |   8769 |   8741 |     28 |      0 |   7122 |   7 | 1252.7 |
        Temple |    137 |    137 |      0 |      0 |    115 |   1 |  137.0 |
               +--------+--------+--------+--------+--------+-----+--------+

Top non-repeatable levels by time:
     D:6: 1871 daAuts
     D:4: 1855 daAuts
     D:2: 1538 daAuts
     D:5: 1351 daAuts
     D:1: 1272 daAuts
     D:3: 705 daAuts
     D:7: 174 daAuts
  Temple: 137 daAuts
